 Dungeon Crawl Stone Soup version 0.28.0-43-g3370ac3207 (webtiles) character file.

Game seed: 8096448137457949677

196770 DwarfAlpaca the Eclecticist (level 19, -6/138 HPs)
             Began as a Djinni Fire Elementalist on Mar 15, 2022.
             Was the Champion of Makhleb.
             Mangled by a spark wasp (15 damage)
             ... on level 3 of the Spider Nest.
             The game lasted 04:25:33 (29555 turns).

DwarfAlpaca the Eclecticist (DjFE)                 Turns: 29555, Time: 04:25:34

Health: -6/138     AC:  9    Str:  7    XL:     19   Next: 8%
Gold:   2732       EV: 11    Int: 29    God:    Makhleb [******] SH:  7 Dex: 16

rFire   + + +      SeeInvis +   d - staff of fire
rCold   x . .      Faith    .   G - +0 buckler
rNeg    . . .      Spirit   .   E - +0 troll leather armour
rPois   ∞          Reflect  .   f - +1 helmet
rElec   .          Harm     .   p - +1 cloak
rCorr   .          Rampage  .   I - +0 pair of gloves
Will    +....                   (boots unavailable)
Stlth   ++........              g - amulet of regeneration
HPRegen 1.93/turn               A - ring of see invisible
MPRegen 0.00/turn               n - +6 ring of intelligence

@: flying
A: sickness immunity, fire resistance 2, cold vulnerability 1, float, innate
caster, HP casting, extra vitality 1
}: 1/15 runes: barnacled
a: Renounce Religion, Minor Destruction, Lesser Servant of Makhleb, Major
Destruction, Greater Servant of Makhleb


You were on level 3 of the Spider Nest.
You worshipped Makhleb.
Makhleb was exalted by your worship.
You visited 6 branches of the dungeon, and saw 31 of its levels.
You also visited: Ossuary and Gauntlet.

You collected 2963 gold pieces.
You spent 231 gold pieces at shops.

Inventory:

Missiles
 F - 7 throwing nets
Armour
 f - a +1 helmet (worn)
 p - a +1 cloak (worn)
 E - a +0 troll leather armour (worn)
 G - a +0 buckler (worn)
 I - a +0 pair of gloves (worn)
Magical Staves
 d - a staff of fire (weapon)
Jewellery
 g - an amulet of regeneration (around neck)
 j - a ring of willpower
 n - a +6 ring of intelligence (right hand)
 q - a ring of resist corrosion
 z - a ring of wizardry
 A - a ring of see invisible (left hand)
Wands
 m - a wand of paralysis (35)
 o - a wand of acid (12)
 v - a wand of charming (23)
 x - a wand of iceblast (33)
 D - a wand of polymorph (7)
 M - a wand of flame (23)
 P - a wand of mindburst (5)
Scrolls
 a - a scroll of brand weapon
 b - 2 scrolls of enchant weapon
 c - 14 scrolls of teleportation
 t - 5 scrolls of blinking
 y - 3 scrolls of fog
 C - 14 scrolls of identify
 H - 2 scrolls of enchant armour
 J - 4 scrolls of magic mapping
 K - a scroll of fear {unknown}
 L - a scroll of silence
 N - a scroll of holy word {unknown}
Potions
 e - 8 potions of brilliance
 h - 9 potions of curing
 i - 4 potions of cancellation
 k - 7 potions of haste
 l - 3 potions of ambrosia
 r - 3 potions of heal wounds
 s - 8 potions of mutation
 u - 7 potions of berserk rage
 w - 4 potions of lignification
 B - 2 potions of might
 O - 4 potions of attraction {unknown}
 Q - 2 potions of magic {unknown}


   Skills:
 - Level 13.0 Fighting
 - Level 0.1 Staves
 - Level 2.5 Dodging
 - Level 2.9 Stealth
 - Level 13.0 Shields
 * Level 20.6 Spellcasting
 + Level 10.4 Invocations


You had 6 spell levels left.
You knew the following spells:

 Your Spells              Type           Power      Damage    Failure   Level
a - Foxfire               Conj/Fire      100%       2x1d9     0%          1
b - Scorch                Fire           100%       2d10      0%          2
c - Conjure Flame         Conj/Fire      100%       6-21      0%          3
d - Inner Flame           Hex/Fire       100%       N/A       0%          3
e - Flame Wave            Conj/Fire      100%       2d17      0%          4
f - Sandblast             Erth           100%       2d20      0%          1
g - Searing Ray           Conj           100%       2d8       0%          2
h - Summon Guardian Gole  Hex/Summ       99%        N/A       0%          3
i - Passage of Golubria   Tloc           99%        N/A       0%          4
j - Fireball              Conj/Fire      61%        3d23      0%          5
k - Silence               Hex/Air        49%        N/A       0%          5
l - Simulacrum            Ice/Necr       49%        N/A       1%          6
m - Enfeeble              Hex            49%        N/A       1%          7
n - Summon Hydra          Summ           49%        N/A       1%          7
Your spell library was empty.

Dungeon Overview and Level Annotations

Branches:
Dungeon (15/15)            Temple (1/1) D:5            Lair (6/6) D:8
 Shoals (4/4) Lair:3       Spider (3/4) Lair:4        Slime (0/5) Lair:5
    Orc (2/2) D:9             Elf (0/3) Orc:2        Vaults (0/5) D:13
 Depths (0/4) D:15        Ossuary (visited)         Gauntlet (visited)

Altars:
Ashenzari
Cheibriados
Dithmenos
Elyvilon
Fedhas
Gozag
Hepliaklqana
Kikubaaqudgha
Makhleb
Nemelex Xobeh
Okawaru
Qazlal
Ru
Sif Muna
Trog
Uskayaw
Vehumet
Wu Jian
Xom
Yredelemnul
Zin
The Shining One
Beogh
Jiyva

Shops:
D:5 [   D:6 **   Orc:2 ?=*:   Shoals:2 !

Annotations:
Lair:2 Fannar


Innate Abilities, Weirdness & Mutations

You are immune to sickness and miasma.
You are immune to poison.
Your flesh is very heat resistant. (rF++)
You are vulnerable to cold. (rC-)
You float through the air rather than walking.
You learn spells naturally, not from books.
Your magical power is your life essence.
You have superior vitality. (+4 MHP)


Message History

Aiming: Fireball (safe; 0% risk of failure)
Press: ? - help, Shift-Dir - straight line You feel a surge of power!
That beam is likely to hit you.
Continue anyway?
The fireball explodes!
The fireball engulfs the wolf spider!!!
The wolf spider is severely wounded.
The fireball engulfs you. You resist.
The fireball engulfs the spark wasp!!
The spark wasp is heavily wounded.
You hear an angry hiss. x7; You hear a hideous shriek!
You hear an angry hiss.
You hear a chilling moan.
You hear a shout!
You hear a chilling moan.
The spark wasp stings you!! The spark wasp shocks you!
The wolf spider barely misses you. You block the wolf spider's attack.
The wolf spider is healed somewhat.
The jumping spider leaps! x2
You block the spark wasp's attack.
Unknown command.
Casting: Fireball (safe; 0% risk of failure)
Confirm with . or Enter, or press ? or * to list all spells.
Aiming: Fireball (safe; 0% risk of failure)
Press: ? - help, Shift-Dir - straight line You feel a surge of power!
That beam is likely to hit you.
Continue anyway?
The fireball explodes!
The fireball engulfs the spark wasp!!
The spark wasp is almost dead.
The fireball engulfs you! You resist.
The fireball engulfs the pharaoh ant!!
The pharaoh ant is almost destroyed.
The fireball engulfs the wolf spider!!
The wolf spider is almost dead.
You hear an angry hiss.
The wolf spider hits you! The wolf spider closely misses you.
A wolf spider comes into view.
The jumping spider leaps! x2; The spark wasp stings you.
The spark wasp shocks you!
The jumping spider leaps!
Unknown command.
Unknown command.
The pharaoh ant bites you!!
* * * LOW HITPOINT WARNING * * *
The spark wasp stings you!!
* * * LOW HITPOINT WARNING * * *
The spark wasp shocks you!
You die...

..^#...... #○.
...ss#s....^ .
.....
........s...#. s...
. ......°......#.
... .. ...^
..........# ..# .#.
..#.#.......#s.s#..
.... #... .ss#^s#^.
!#...s#ys!....#
......^@B.s/.s.
...#........s.#
#..^s......#
............^
..$..^##^##....
.$..[# #. (...
....# . ... #... ..
##


You could see a spark wasp, 2 wolf spiders, an orb spider, 2 culicivoras, a
pharaoh ant, 3 jumping spiders, a tarantella and 2 redbacks.

Vanquished Creatures
  Agnes (D:14)
  Polyphemus (Shoals:4)
  A frost giant (Shoals:4)
  2 ghost moths
  An emperor scorpion (Spider:2)
  Louise (Shoals:1)
  A broodmother (Spider:1)
  The ghost of Kaptain the Geomancer, a journeyman GrEE (Orc:1)
  Nessos (Lair:4)
  An entropy weaver (Spider:2)
  A minotaur (Orc:1)
  Josephine (Spider:1)
  A green death (Gauntlet)
  4 merfolk javelineers
  A fire dragon (D:15)
  7 merfolk impalers
  5 boulder beetles
  An ice dragon (D:15)
  5 hydras
  3 ogre magi (D:15)
  2 merfolk aquamancers (Shoals:4)
  2 alligator snapping turtles (Shoals:4)
  3 merfolk avatars
  4 centaur warriors
  A tengu warrior (Orc:1)
  3 catoblepae
  20 two-headed ogres
  Erica (D:8)
  2 satyrs
  A death scarab (Gauntlet)
  19 death yaks
  Sonja (Lair:5)
  A deep elf knight (Orc:1)
  A sun moth (Spider:1)
  17 skeletal warriors
  A pharaoh ant (Spider:3)
  3 steelbarb worms
  A deep elf archer (Orc:1)
  4 orb spiders (Spider:1)
  13 sea snakes
  2 orc knights (Orc:1)
  17 harpies
  2 wizards
  4 deep elf pyromancers
  3 wolf spiders (Spider:1)
  A moth of wrath (Spider:1)
  An oklob plant (Lair:6)
  4 cyclopes
  16 fauns
  9 orc sorcerers (Orc:2)
  10 manticores
  10 ugly things
  7 elephants
  An elephant (shapeshifter) (D:13)
  9 merfolk sirens
  5 black mambas
  A gargoyle (D:13)
  9 cane toads
  4 water nymphs
  2 torpor snails
  3 demonic crawlers
  2 kobold demonologists
  7 rime drakes
  A yaktaur (Shoals:1)
  2 efreet (D:15)
  5 komodo dragons
  2 tengu conjurers
  7 trolls
  33 merfolk
  3 polar bears (Lair:6)
  4 wind drakes
  10 tarantellas
  2 hornets
  21 blink frogs
  8 snapping turtles
  A spectral black mamba (Gauntlet)
  2 culicivoras (Spider:2)
  A ynoxinul (Gauntlet)
  6 jumping spiders
  A shadow (D:12)
  7 wyverns
  6 water elementals
  5 wraiths
  38 yaks
  A vampire (D:12)
  6 basilisks
  15 redbacks
  2 steam dragons
  8 wargs
  4 vampire mosquitoes (D:14)
  An acid dragon (D:14)
  2 hell hounds (D:12)
  17 water moccasins
  12 orc warriors
  A black bear (Lair:4)
  A meliai simulacrum (D:14)
  A necrophage (D:6)
  17 ogres
  17 centaurs
  4 wolves
  2 lemures (D:8)
  4 kobold brigands
  5 elf zombies (Ossuary)
  13 bullfrogs
  A gnoll sergeant (D:7)
  4 scorpions
  15 killer bees
  4 electric eels
  6 centaur zombies
  A human zombie (Ossuary)
  3 hounds
  2 bullfrog skeletons (D:6)
  7 orc priests
  2 iron imps (Gauntlet)
  2 jellies
  Jessica (D:3)
  35 orc wizards
  2 iguanas (D:6)
  A killer bee zombie (D:8)
  2 mummies (Ossuary)
  3 gnolls (D:7)
  10 adders
  2 white imps
  An adder zombie (Ossuary)
  An adder skeleton (D:4)
  2 worms
  3 dart slugs
  76 orcs
  6 bats
  9 endoplasms
  A giant cockroach (D:4)
  9 goblins
  7 hobgoblins
  6 jackals
  11 kobolds
  4 quokkas
  6 ball pythons
  7 frilled lizards
  2 goblin zombies
  6 hobgoblin zombies (Ossuary)
  A jackal zombie (Ossuary)
  11 kobold zombies (Ossuary)
  9 orc zombies (Ossuary)
  A quokka zombie (D:7)
  4 rats
  A rat zombie (Ossuary)
  3 bushes (Shoals:1)
857 creatures vanquished.

Vanquished Creatures (collateral kills)
  5 foxfires
5 creatures vanquished.

Vanquished Creatures (others)
  An orc warlord (Orc:2)
  A minotaur (Gauntlet)
  Snorg (Lair:4)
  3 boulder beetles
  4 hydras
  3 two-headed ogres
  A death yak (Lair:6)
  A skeletal warrior (D:14)
  A necromancer (D:13)
  An orc knight (D:11)
  Pikel (D:8)
  An elephant (Lair:3)
  2 black mambas
  2 cane toads
  Maggie (D:8)
  A gargoyle (D:12)
  A komodo dragon (Lair:3)
  A troll (D:9)
  3 blink frogs
  5 yaks
  A wyvern (D:11)
  A basilisk (Lair:2)
  2 acid dragons
  A water moccasin (Lair:3)
  A black bear (D:4)
  A centaur (D:12)
  2 lemures (D:8)
  An orc priest (Orc:2)
  An orc wizard (Orc:1)
  An adder (Lair:2)
  3 orcs
  An endoplasm (D:4)
  A hobgoblin (D:4)
  A bush (Lair:5)
  703 foxfires
  90 fungi
  216 plants
1062 creatures vanquished.

Grand Total: 1924 creatures vanquished

Notes
Turn   | Place    | Note
-------+----------+-------------------------------------------
     0 | D:1      | DwarfAlpaca the Djinni Fire Elementalist began the quest
                  | for the Orb.
     0 | D:1      | Reached XP level 1. HP: 15/15 MP: 0/0
   146 | D:1      | Reached XP level 2. HP: 20/21 MP: 0/0
   324 | D:1      | Found a faded altar of an unknown god.
   343 | D:1      | Reached skill level 3 in Spellcasting
   642 | D:1      | Reached XP level 3. HP: 24/25 MP: 0/0
   642 | D:1      | Learned a level 1 spell: Sandblast
  1294 | D:2      | Reached XP level 4. HP: 31/31 MP: 0/0
  2064 | D:3      | Reached XP level 5. HP: 35/35 MP: 0/0
  2064 | D:3      | Learned a level 2 spell: Searing Ray
  2296 | D:3      | Noticed Jessica
  2300 | D:3      | Killed Jessica
  2385 | D:4      | Found a sacrificial altar of Ru.
  2387 | D:4      | You are sucked into a shaft and drop 1 floor!
  2387 | D:5      | Entered Level 5 of the Dungeon
  2387 | D:5      | Found Ikion's Antique Armour Emporium.
  2390 | D:5      | Noticed a centaur
  2406 | D:5      | Reached skill level 4 in Spellcasting
  2406 | D:5      | Reached XP level 6. HP: 33/40 MP: 0/0
  2544 | D:5      | Found a staircase to the Ecumenical Temple.
  2553 | Temple   | Entered the Ecumenical Temple
  2642 | Temple   | Became a worshipper of Makhleb the Destroyer
  2746 | D:4      | Found a white marble altar of Elyvilon.
  2958 | D:4      | Found a snail-covered altar of Cheibriados.
  3220 | D:4      | Reached skill level 1 in Fighting
  3237 | D:4      | Noticed a water moccasin
  3252 | D:4      | Killed a water moccasin
  3253 | D:4      | Reached skill level 5 in Spellcasting
  3253 | D:4      | Reached XP level 7. HP: 44/48 MP: 0/0
  3253 | D:4      | Learned a level 3 spell: Summon Guardian Golem
  3494 | D:4      | Found an ornate altar of the Wu Jian Council.
  3681 | D:4      | Found a hazy altar of Hepliaklqana.
  3682 | D:4      | Found a faded altar of an unknown god.
  3686 | D:4      | Reached * piety under Makhleb
  3790 | D:4      | Found a bloodstained altar of Trog.
  3796 | D:4      | Reached XP level 8. HP: 53/55 MP: 0/0
  3900 | D:5      | Reached skill level 6 in Spellcasting
  3923 | D:5      | Found a hide-covered altar of Uskayaw.
  3956 | D:5      | Found a sparkling altar of Nemelex Xobeh.
  4386 | D:5      | Found an iron altar of Okawaru.
  4816 | D:6      | Reached skill level 7 in Spellcasting
  4905 | D:6      | Reached XP level 9. HP: 58/63 MP: 0/0
  4905 | D:6      | Learned a level 4 spell: Passage of Golubria
  4991 | D:6      | Noticed a two-headed ogre
  5001 | D:6      | Killed a two-headed ogre
  5002 | D:6      | Reached skill level 5 in Fighting
  5179 | D:6      | Found a glowing golden altar of the Shining One.
  5279 | D:6      | Reached skill level 8 in Spellcasting
  5399 | D:6      | Found Lielair's Specific Store.
  5400 | D:6      | Found Gaun's General Store.
  6179 | D:7      | Reached XP level 10. HP: 73/73 MP: 0/0
  6190 | D:7      | Found a sand-covered staircase.
  6206 | Ossuary  | Entered an ossuary
  6232 | Ossuary  | Reached ** piety under Makhleb
  6446 | Ossuary  | Reached skill level 9 in Spellcasting
  6652 | D:7      | Found a stormy altar of Qazlal.
  6889 | D:8      | Noticed a two-headed ogre
  6894 | D:8      | Killed a two-headed ogre
  6975 | D:8      | Found a staircase to the Lair.
  7094 | D:8      | Noticed Pikel
  7149 | D:8      | Killed Pikel
  7440 | D:8      | Noticed Maggie
  7493 | D:8      | Killed Maggie
  7494 | D:8      | Reached skill level 10 in Spellcasting
  7578 | D:8      | Noticed Erica
  7672 | D:8      | Noticed a two-headed ogre
  7964 | D:8      | Killed a two-headed ogre
  7965 | D:8      | Reached XP level 11. HP: 81/81 MP: 0/0
  7965 | D:8      | Learned a level 5 spell: Fireball
  8241 | D:8      | Killed Erica
  8302 | D:9      | Noticed a two-headed ogre
  8306 | D:9      | Killed a two-headed ogre
  8348 | D:9      | Reached *** piety under Makhleb
  8511 | D:9      | Reached skill level 11 in Spellcasting
  8573 | D:9      | Found a glowing silver altar of Zin.
  8584 | D:9      | Noticed an angel
  8587 | D:9      | Found a shimmering altar of Xom.
  8645 | D:9      | Found a staircase to the Orcish Mines.
  8658 | D:9      | Noticed a two-headed ogre
  8667 | D:9      | Killed a two-headed ogre
  8930 | D:10     | Entered Level 10 of the Dungeon
  9816 | D:11     | Reached XP level 12. HP: 91/91 MP: 0/0
  9819 | D:11     | Reached skill level 10 in Fighting
  9898 | D:11     | Noticed a five-headed hydra
  9936 | D:11     | Killed a five-headed hydra
  9937 | D:11     | Reached skill level 12 in Spellcasting
  9951 | D:11     | Reached **** piety under Makhleb
 10475 | Lair:1   | Entered Level 1 of the Lair of Beasts
 10551 | Lair:1   | Identified a scroll of acquirement
 10551 | Lair:1   | Acquired a manual of Shields
 10649 | Lair:1   | Reached skill level 1 in Shields
 10773 | Lair:1   | Noticed a six-headed hydra
 10808 | Lair:1   | Killed a six-headed hydra
 10876 | Lair:1   | Found a sparkling altar of Nemelex Xobeh.
 11340 | Lair:2   | Reached skill level 13 in Spellcasting
 11412 | Lair:2   | Reached skill level 5 in Shields
 11433 | Lair:2   | Reached XP level 13. HP: 79/97 MP: 0/0
 11433 | Lair:2   | Learned a level 5 spell: Silence
 12251 | Lair:2   | Noticed Fannar
 12322 | Lair:3   | Reached ***** piety under Makhleb
 12512 | Lair:3   | Reached skill level 14 in Spellcasting
 12957 | Lair:3   | Noticed a seven-headed hydra
 12972 | Lair:3   | Killed a seven-headed hydra
 13021 | Lair:3   | Found a staircase to the Shoals.
 13240 | Lair:4   | Noticed a five-headed hydra
 13240 | Lair:4   | Noticed Nessos
 13242 | Lair:4   | Killed a five-headed hydra
 13379 | Lair:4   | Noticed Snorg
 13568 | Lair:4   | Killed Snorg
 13756 | Lair:4   | Reached skill level 10 in Shields
 13847 | Lair:4   | Found a hole to the Spider Nest.
 13922 | Lair:4   | Killed Nessos
 13923 | Lair:4   | Reached XP level 14. HP: 66/103 MP: 0/0
 14438 | Lair:5   | Found a viscous altar of Jiyva.
 14439 | Lair:5   | Found a staircase to the Slime Pits.
 14439 | Lair:5   | Identified the +11 hunting sling of Punishment {freeze,
                  | Int+8 Dex+2}
 14612 | Lair:5   | Noticed Sonja
 14628 | Lair:5   | Killed Sonja
 14804 | Lair:5   | Reached skill level 15 in Spellcasting
 15319 | Lair:6   | Entered Level 6 of the Lair of Beasts
 15687 | Lair:6   | Reached skill level 16 in Spellcasting
 15722 | Lair:6   | Reached XP level 15. HP: 107/109 MP: 0/0
 15722 | Lair:6   | Learned a level 6 spell: Simulacrum
 15942 | Lair:6   | Reached ****** piety under Makhleb
 16740 | Orc:1    | Entered Level 1 of the Orcish Mines
 17030 | Orc:2    | Entered Level 2 of the Orcish Mines
 17040 | Orc:1    | Found a runed translucent gate.
 17040 | Orc:1    | Found a runed translucent gate.
 17040 | Orc:1    | Found a runed translucent gate.
 17045 | Orc:1    | Noticed Kaptain's ghost (journeyman GrEE)
 17048 | Orc:1    | Found an iron altar of Okawaru.
 17478 | Orc:2    | Paralysed by an orc sorcerer for 6 turns
 17550 | Orc:2    | Noticed an orc warlord
 17586 | Orc:2    | Killed an orc warlord
 17685 | Orc:2    | Found Cyrat's Magic Scroll Shop.
 17685 | Orc:2    | Found Haustuv's Jewellery Shoppe.
 17902 | Orc:2    | Found a staircase to the Elven Halls.
 17911 | Orc:2    | Found Hyxuuvan's Assorted Antiques.
 17911 | Orc:2    | Found Qonimnugirch's Book Shoppe.
 17927 | Orc:2    | Reached skill level 17 in Spellcasting
 18223 | Orc:1    | Killed Kaptain's ghost
 18235 | Orc:1    | Identified the +1 ring mail "Ehoddil" {rElec Will- Int+6}
 18571 | D:12     | Identified the +6 spear of the Omega Point {flame, Drain
                  | rN+ Str+5 Dex+4}
 18753 | D:12     | Reached XP level 16. HP: 118/118 MP: 0/0
 20235 | D:13     | Found a gate to the Vaults.
 20934 | D:14     | Noticed Agnes
 20981 | D:14     | Killed Agnes
 20986 | D:14     | Reached skill level 1 in Invocations
 21044 | D:14     | Reached skill level 18 in Spellcasting
 21366 | D:15     | Entered Level 15 of the Dungeon
 21386 | D:15     | Found a gate leading to a gauntlet.
 21395 | Gauntlet | Entered a Gauntlet
 21395 | Gauntlet | Found a transporter.
 21395 | Gauntlet | Found a transporter.
 21405 | Gauntlet | Found a transporter.
 21408 | Gauntlet | Found a transporter.
 21419 | Gauntlet | Found a transporter.
 21424 | Gauntlet | Found a transporter.
 21427 | Gauntlet | Found a transporter.
 21445 | Gauntlet | Found a transporter.
 21462 | Gauntlet | Found a transporter.
 21465 | Gauntlet | Found a transporter.
 21482 | Gauntlet | Found a transporter.
 21485 | Gauntlet | Found a transporter.
 21606 | Gauntlet | Identified the amulet of the Tempest {Spirit Str+2}
 21848 | D:15     | Reached XP level 17. HP: 126/126 MP: 0/0
 21848 | D:15     | Learned a level 7 spell: Enfeeble
 22132 | D:15     | Reached skill level 5 in Invocations
 22495 | D:15     | Found a staircase to the Depths.
 22860 | Shoals:1 | Entered Level 1 of the Shoals
 23245 | Shoals:1 | Noticed Louise
 23357 | Shoals:1 | Killed Louise
 23759 | Shoals:2 | Found Lirrapt's Distillery.
 23786 | Shoals:2 | Reached skill level 19 in Spellcasting
 23811 | Shoals:2 | Bought a potion of heal wounds for 105 gold pieces
 23818 | Shoals:2 | Bought a potion of curing for 63 gold pieces
 23818 | Shoals:2 | Bought a potion of curing for 63 gold pieces
 24680 | Shoals:4 | Entered Level 4 of the Shoals
 24683 | Shoals:4 | Noticed Polyphemus
 24989 | Shoals:4 | Reached XP level 18. HP: 132/132 MP: 0/0
 24991 | Shoals:4 | Killed Polyphemus
 25062 | Shoals:4 | Identified the +7 quarterstaff "Notem" {flame, rC+}
 25510 | Shoals:4 | Reached skill level 20 in Spellcasting
 26536 | Shoals:4 | Got a barnacled rune of Zot
 27179 | Spider:1 | Entered Level 1 of the Spider Nest
 28012 | Spider:1 | Reached skill level 10 in Invocations
 28858 | Spider:1 | Noticed Josephine
 28862 | Spider:1 | Killed Josephine
 28885 | Spider:2 | Reached XP level 19. HP: 123/138 MP: 0/0
 28885 | Spider:2 | Learned a level 7 spell: Summon Hydra
 29555 | Spider:3 | Mangled by a spark wasp

Illustrated notes

Levels and vault maps discovered:
D:1:      mrwooster_arrival_statue_2, layout_basic,
          hellmonk_ecumenical_altar_zigzags, st_stairs_4, minmay_heptomino_h4
D:2:      layout_basic
D:3:      layout_rooms, uniq_jessica
D:4:      layout_loops_ring, lemuel_tele_altar, nicolae_overflow_hidden_temple,
          trog_book, beargit_hepliaklqana_dungeon_heroes, elyvilon_altar_4,
          amcnicky_altar_gilded, minmay_misc_feat_enclosed, minmay_diced_spiral
D:5:      layout_basic, mainiacjoe_overflow_24_doors, okawaru_metal_pillars_1_2,
          nemelex_spade_bored_becter, minmay_temple_entry_poolview,
          serial_shops, shop_fountains
D:6:      layout_basic, kennysheep_mini_moat, nicolae_specific_store,
          st_stairs_2
D:7:      layout_basic, mainiacjoe_overflow_cross_hatched, enter_ossuary_4,
          minmay_fountain_box, hangedman_abyss_or_decor_jellyfish_corner
D:8:      layout_basic, lair_entry_dummy, uniq_maggie, uniq_pikel, uniq_erica
D:9:      layout_loops_ring, grunt_temple_overflow_order_and_chaos_1,
          orc_0_dummy
D:10:     layout_roguey, centaur_isle
D:11:     layout_basic, due_unseen_surprise
D:12:     minmay_inner_zag, layout_basic, minmay_rotating_lava
D:13:     layout_gridville, david_vaults_1
D:14:     layout_roguey, amcnicky_mini_rare_corridor_liquid, uniq_agnes
D:15:     grunt_enter_depths_hoard, layout_basic, serial_glass, glass_columns_a,
          glass_columns_b, glass_columns_c, glass_columns_b,
          gauntlet_entry_generic, roderic_serpentine_path, lemuel_flamethrower_3
Temple:   compressed_dpeg_triangle_lava_temple
Lair:1:   layout_loops_ring, basic_altar, st_stairs_12
Lair:2:   minmay_lair_venomous_thicket, layout_chaotic_city, grunt_megastairs_5,
          uniq_fannar
Lair:3:   layout_chaotic_city, elwin_shoals_entry_rooms
Lair:4:   layout_loops_ring, spider_nest_entry_a, grunt_megastairs_3,
          infiniplex_staircase_pool_2, uniq_snorg, uniq_nessos
Lair:5:   layout_regular_city, slime_altar_1, uniq_sonja
Lair:6:   gammafunk_lair_ancient_temple, layout_loops_ring, serial_bayou_shore_a
Shoals:1: layout_shoals, yaktaur_hedge, uniq_louise
Shoals:2: layout_shoals, serial_shops, nicolae_shop_advertising_works
          [nicolae_subvault_shop_adworks], nicolae_shoals_nautilus_by_nature
Shoals:3: layout_shoals, nicolae_shoals_lost_giant_pillars
Shoals:4: shoals_end_grunt_ice, layout_shoals, uniq_polyphemus
Spider:1: layout_chambers, nicolae_spider_orb_run, uniq_josephine
Spider:2: layout_chambers
Spider:3: layout_spider_delve
Orc:1:    layout_diamond_mine, gammafunk_ghost_fury_of_okawaru
Orc:2:    st_orc_town, layout_caves, basic_altar, nicolae_orc_rich_vein

Skill      XL: |  1  2  3  4  5  6  7  8  9 10 11 12 13 14 15 16 17 18 |
---------------+-------------------------------------------------------+-----
Spellcasting   | 3 4 5 7 8 10 11 13 14 16 17 18 19 20 | 20.6
Stealth        | 2 |  2.9
Fighting       | 1 2 4 6 8 9 10 12 13 | 13.0
Shields        | 5 10 12 13 | 13.0
Invocations    | 4 7 10 | 10.4
Staves         | |  0.1
Dodging        | |  2.5

Action                   |  1- 3 |  4- 6 |  7- 9 | 10-12 | 13-15 | 16-18 | 19-21 || total
-------------------------+-------+-------+-------+-------+-------+-------+-------++-------
Melee: Staff             |     3 |     8 |    23 |    31 |    48 |    25 |       ||   138
       Unarmed           |     1 |       |       |       |       |       |       ||     1
       Punch             |       |       |       |     1 |     1 |       |       ||     2
 Cast: Foxfire           |    38 |    62 |    66 |   126 |   124 |    16 |       ||   432
       Scorch            |     5 |    29 |    39 |   192 |   251 |   111 |     9 ||   636
       Conjure Flame     |       |     2 |     2 |    12 |       |       |       ||    16
       Summon Guardian G |       |       |    10 |    41 |    53 |    35 |     2 ||   141
       Flame Wave        |       |       |     9 |     9 |    14 |     4 |       ||    36
       Passage of Golubr |       |       |     3 |     1 |     2 |     6 |       ||    12
       Sandblast         |       |       |       |     2 |       |       |       ||     2
       Fireball          |       |       |       |    11 |   195 |   444 |    17 ||   667
       Searing Ray       |       |       |       |     2 |     4 |    27 |       ||    33
       Silence           |       |       |       |       |     2 |       |       ||     2
       Inner Flame       |       |       |       |       |     1 |     2 |       ||     3
       Simulacrum        |       |       |       |       |     1 |     1 |       ||     2
       Enfeeble          |       |       |       |       |       |     9 |       ||     9
Invok: Minor Destruction |       |       |       |     1 |       |     2 |       ||     3
  Use: Scroll            |       |       |    12 |    11 |     2 |     2 |       ||    27
       Potion            |       |       |     1 |     1 |       |       |       ||     2
 Stab: Sleeping          |     3 |       |       |     1 |       |       |       ||     4
Armor: Robe              |     4 |     8 |     6 |     5 |       |       |       ||    23
       Swamp dragon scal |       |       |       |    12 |       |       |       ||    12
       Troll leather arm |       |       |       |    15 |    38 |    62 |     2 ||   117
Dodge: Dodged            |    13 |    27 |    38 |    71 |    89 |   109 |     5 ||   352
Block: Buckler           |       |       |       |       |    56 |    61 |     4 ||   121
